 Dungeon Crawl Stone Soup version 0.25-a0-576-g50b708a4c4 (webtiles) character file.

Game seed: 2878191211859072643, levelgen mode: classic

42 shadizar the Covered (level 3, -1/23 HPs)
             Began as a Gargoyle Fighter on July 28, 2019.
             Killed from afar by an orc wizard (3 damage)
             ... with a magic dart
             ... on level 3 of the Dungeon on Mar 1, 2020.
             The game lasted 00:01:27 (1278 turns).

shadizar the Covered (Gargoyle Fighter)             Turns: 1278, Time: 00:01:28

Health: -1/23      AC: 10    Str: 20    XL:     3   Next: 54%
Magic:  3/3        EV:  7    Int:  8    God:
Gold:   99         SH:  9    Dex:  9    Spells: 2/2 levels left

rFire    . . .     SeeInvis .   a - +0 flail
rCold    . . .     Gourm    .   c - +0 kite shield
rNeg     + . .     Faith    .   b - +0 scale mail
rPois    ∞         Spirit   .   (no helmet)
rElec    +         Reflect  .   (no cloak)
rCorr    .         Harm     .   (no gloves)
MR       .....                  (no boots)
Stlth    ..........             (no amulet)
HPRegen  0.07/turn              (no ring)
MPRegen  0.08/turn              (no ring)

@: no status effects
A: negative energy resistance 1, electricity resistance, unbreathing,
petrification resistance, rot immunity, AC +3
a: no special abilities


You were on level 3 of the Dungeon.
You were not hungry.

You visited 1 branch of the dungeon, and saw 3 of its levels.

You collected 99 gold pieces.

Inventory:

Hand Weapons
 a - a +0 flail (weapon)
Armour
 b - a +0 scale mail (worn)
 c - a +0 kite shield (worn)
Scrolls
 e - 2 scrolls of immolation {unknown}
 g - 2 scrolls of teleportation {unknown}
 h - 6 scrolls of enchant armour {unknown}
 i - 4 scrolls of identify {unknown}
Potions
 d - a potion of might
 j - a potion of lignification {unknown}
 k - a potion of heal wounds {unknown}
 l - a potion of curing {unknown}
Comestibles
 f - 3 rations


   Skills:
 + Level 3.5 Fighting
 + Level 2.3 Maces & Flails
 + Level 3.9 Armour
 + Level 0.3 Dodging
 + Level 0.2 Stealth
 + Level 3.7 Shields


You had 2 spell levels left.
You didn't know any spells.
Your spell library was empty.

Dungeon Overview and Level Annotations

Branches:
Dungeon (3/15)

Altars:


Innate Abilities, Weirdness & Mutations

You are resistant to torment.
Your stone body is resilient. (AC +3)
You are immune to poison.
You resist negative energy. (rN+)
You are resistant to electric shocks. (rElec)
You can survive without breathing.
You are immune to petrification.
You are immune to rotting.


Message History

You are too injured to fight recklessly!
You are too injured to fight recklessly!
You are too injured to fight recklessly!
You are too injured to fight recklessly!
You are too injured to fight recklessly!
You are too injured to fight recklessly!
You are too injured to fight recklessly!
Your shield and scale mail prevent you from hitting something.
You hear some strange, mumbled words.
A magic dart appears from out of thin air!
The magic dart hits you.
* * * LOW HITPOINT WARNING * * *
You barely miss something.
You hear some strange, mumbled words.
A magic dart appears from out of thin air!
The magic dart hits you but does no damage.
You hear some strange, mumbled words.
A magic dart appears from out of thin air!
The magic dart hits you.
You die...

###
..#
#.#
#o#
#o#
#{#
#@#
#<#
#.#
..#
.###
#. #


You could see 2 orcs.

Vanquished Creatures
  3 dart slugs
  A leopard gecko (D:2)
  An orc (D:3)
  A ball python (D:1)
  3 giant cockroaches (D:1)
  5 goblins
  3 hobgoblins
  3 bats
  6 kobolds
  6 rats
32 creatures vanquished.

Notes
Turn   | Place    | Note
-------+----------+-------------------------------------------
     0 | D:1      | shadizar the Gargoyle Fighter began the quest for the Orb.
     0 | D:1      | Reached XP level 1. HP: 14/14 MP: 1/1
   129 | D:1      | Reached XP level 2. HP: 15/19 MP: 2/2
   580 | D:1      | Reached XP level 3. HP: 21/23 MP: 3/3
   628 | D:1      | Upgraded the game from 0.24-a0-521-g122614bf49 to
                  | 0.25-a0-576-g50b708a4c4
  1278 | D:3      | Killed from afar by an orc wizard

Levels and vault maps discovered:
D:1:      dpeg_arrival_boxorama, layout_loops_ring
D:2:      layout_basic, first_ration
D:3:      layout_loops_ring, uniq_jessica

Action                   || total
-------------------------++-------
Melee: Flail             ||   129
  Eat: Chunk             ||     1
Armor: Scale mail        ||    58
Dodge: Dodged            ||    27
Block: Kite shield       ||    51

Table legend:
 A = Non-vault XP
 B = Vault XP
 C = Vault XP percentage of total XP
 D = Non-vault monster count
 E = Vault monster count
 F = Vault count percentage of total count
                 A         B        C        D         E       F
            +---------+---------+-------+---------+---------+-------
      Total |      60 |       0 |   0.0 |      32 |       0 |   0.0
            +---------+---------+-------+---------+---------+-------
        D:1 |      34 |       0 |   0.0 |      18 |       0 |   0.0
        D:2 |      23 |       0 |   0.0 |      13 |       0 |   0.0
        D:3 |       3 |       0 |   0.0 |       1 |       0 |   0.0
            +---------+---------+-------+---------+---------+-------
